Map: Lerilak Crest

Players

lIlIlIlIlI (Nina) - Winner!

  • Race: Protoss Protoss

JonSnow

  • Race: Zerg Zerg

Event: Team Gravity's Fight Night #13

VOD

https://www.youtube.com/watch?v=8zqqsS00DPA&list=PL_BOlLcv8KbhFbvTakl6AYJq-DW01oMw_

Description

Time

  • Played on: April 5, 2015, 5:51 p.m.
  • Length: 6:45

All games in this series

Show
View Real Time Build Order
Export as new Build Order

lIlIlIlIlI Protoss - Winner!

Build Orders: Nexus First 

Get SALT Encoding   

  12  0:01  Probe  
  13  0:15  Pylon  
  13  0:18  Probe  
  14  0:33  Probe (Chrono Boost)  
  15  0:42  Probe (Chrono Boost)  
  16  0:55  Nexus  
  16  1:04  Gateway  
  16  1:09  Probe (Chrono Boost)  
  17  1:17  Assimilator  
  18  1:19  Probe (Chrono Boost)  
  18  1:25  Assimilator  
  18  1:26  Probe  
  19  1:37  Pylon  
  19  1:38  Probe (Chrono Boost)  
  20  1:50  Probe (Chrono Boost)  
  20  1:52  Cybernetics Core  
  21  1:57  Probe (Chrono Boost)  
  23  2:09  Probe (Chrono Boost)  
  23  2:11  Probe (Chrono Boost)  
  24  2:21  Probe (Chrono Boost)  
  24  2:22  Probe (Chrono Boost)  
  26  2:29  Probe (Chrono Boost), Robotics Facility  
  27  2:30  Warp Gate  
  27  2:33  Probe (Chrono Boost)  
  28  2:42  Mothership Core (Chrono Boost)  
  28  2:43  Stalker  
  32  2:49  Probe (Chrono Boost)  
  33  2:56  Probe (Chrono Boost)  
  35  3:02  Probe (Chrono Boost)  
  35  3:08  Probe (Chrono Boost)  
  35  3:12  Pylon  
  37  3:13  Probe (Chrono Boost)  
  37  3:14  Probe (Chrono Boost)  
  37  3:16  Immortal (Chrono Boost)  
  42  3:22  Probe  
  42  3:26  Probe  
  44  3:34  Probe  
  44  3:35  Gateway  
  44  3:37  Gateway  
  45  3:47  Immortal (Chrono Boost)  
  49  3:50  Gateway  
  49  3:54  Gateway  
  49  4:00  Gateway  
  49  4:05  Gateway  
  49  4:07  Probe  
  49  4:08  Probe  
  51  4:13  Pylon  
  51  4:20  Probe  
  51  4:21  Pylon  
  52  4:26  Pylon  
  52  4:33  Warp Prism (Chrono Boost)  
  54  4:41  Sentry x3  
  60  4:48  Pylon, Zealot  
  62  4:53  Stalker, Pylon  
  64  5:01  Zealot  
  64  5:02  Zealot x2  
  64  5:05  Zealot x2  
  64  5:06  Stalker  
  76  5:11  Observer  
  76  5:12  Zealot  
  79  5:17  Zealot  
  79  5:18  Zealot  
  81  5:23  Zealot  
  81  5:24  Zealot  
  85  5:32  Zealot x3  
  91  5:42  Stalker x2  
  89  5:48  Stalker x2  
  83  5:55  Stalker  
  77  6:00  Stalker  
  75  6:10  Stalker x2  
  75  6:14  Zealot x2  
  67  6:28  Stalker x2  
  65  6:35  Stalker  
  65  6:38  Zealot x2  
  65  6:39  Zealot x2  
Show
View Real Time Build Order
Export as new Build Order

JonSnow Zerg 

Build Orders: 3 Hatch before Pool 

Get SALT Encoding   

  12  0:00  Drone  
  13  0:13  Overlord  
  13  0:17  Drone  
  14  0:31  Drone x2  
  16  0:36  Drone  
  17  0:51  Hatchery  
  17  0:55  Drone  
  17  0:58  Drone  
  18  1:17  Drone  
  19  1:22  Hatchery  
  18  1:25  Drone  
  18  1:29  Drone  
  20  1:39  Spawning Pool  
  19  1:44  Overlord  
  19  1:50  Drone  
  20  2:01  Drone  
  21  2:04  Drone  
  22  2:12  Drone  
  23  2:17  Overlord  
  23  2:23  Drone  
  23  2:26  Drone, Queen x2  
  29  2:33  Drone  
  29  2:34  Queen  
  32  2:37  Zergling x2  
  32  2:39  Drone  
  34  2:46  Drone x3  
  37  2:53  Extractor  
  37  2:54  Drone, Extractor  
  37  2:57  Drone x2  
  38  3:02  Queen  
  38  3:05  Drone  
  41  3:06  Drone  
  41  3:08  Drone  
  43  3:18  Overlord  
  43  3:19  Drone x2  
  45  3:27  Drone  
  45  3:28  Drone  
  45  3:30  Drone  
  45  3:33  Overlord x2  
  47  3:36  Drone  
  47  3:37  Drone x4  
  52  3:42  Lair  
  52  3:44  Drone  
  52  3:46  Drone  
  54  3:52  Extractor  
  54  3:53  Drone x3, Extractor  
  54  3:54  Drone  
  56  3:57  Metabolic Boost  
  56  4:01  Drone x2  
  58  4:07  Drone x3  
  58  4:09  Evolution Chamber  
  60  4:11  Drone, Extractor  
  60  4:12  Drone  
  60  4:16  Drone  
  60  4:17  Overlord  
  62  4:19  Drone x3  
  65  4:27  Zergling x12  
  71  4:34  Overlord x2  
  71  4:36  Zerg Missile Weapons Level 1  
  71  4:42  Hydralisk Den  
  70  4:50  Drone x2  
  70  4:52  Drone x4  
  76  4:53  Drone  
  76  4:54  Overlord  
  77  5:11  Hydralisk x9  
  94  5:15  Zergling x2  
  94  5:16  Zergling x6  
  94  5:19  Hydralisk  
  94  5:20  Zergling x2  
  99  5:23  Zergling x4  
  99  5:24  Zergling x4  
  99  5:25  Hydralisk  
  97  5:36  Hydralisk x3  
  97  5:37  Zergling x2  
  97  5:40  Zergling x4  
  83  5:43  Zergling x2  
  83  5:45  Zergling x2  
  83  5:46  Zergling x2  
  83  5:49  Zergling x4  
  74  5:54  Hydralisk  
  64  5:57  Hydralisk  
  64  6:00  Hydralisk  
  64  6:03  Hydralisk  
  66  6:09  Hydralisk  
  63  6:17  Hydralisk  
  60  6:23  Zergling x2  

Tags
 
Add a new tag
Caveats
  • Supply blocks, unpowered buildings, or Contaminate may cause inaccurate times.
  • Supply counts are checked every 10 seconds.